 Dungeon Crawl Stone Soup version 0.29.1-15-g9cfb28693d (webtiles) character file.

Game seed: 14474897142739768244

7 Ast3rio the Firebug (level 1, 0/10 HPs)
             Began as a Deep Elf Fire Elementalist on Mar 23, 2023.
             Slain by a jackal (2 damage)
             ... on level 1 of the Dungeon.
             The game lasted 00:00:32 (79 turns).

Ast3rio the Firebug (Deep Elf Fire Elementalist)      Turns: 79, Time: 00:00:33

Health: 0/10       AC:  2    Str:  5    XL:     1   Next: 83%
Magic:  2/6        EV: 12    Int: 19    God:
Gold:   9          SH:  0    Dex: 15    Spells: 5/6 levels left

rFire   . . .      SeeInvis .   (no weapon)
rCold   . . .      Faith    .   (no shield)
rNeg    . . .      Spirit   .   a - +0 robe
rPois   .          Reflect  .   (no helmet)
rElec   .          Harm     .   (no cloak)
rCorr   .          Rampage  .   (no gloves)
Will    .....                   (no boots)
Stlth   ++........              (no amulet)
HPRegen 0.03/turn               (no ring)
MPRegen 0.10/turn               (no ring)

@: very slightly contaminated
A: no striking features
a: no special abilities


You were on level 1 of the Dungeon.
You visited 1 branch of the dungeon, and saw 1 of its levels.

You collected 9 gold pieces.

Inventory:

Armour
 a - a +0 robe (worn)
Potions
 b - a potion of magic
 c - a potion of ambrosia {unknown}
 d - a potion of degeneration {unknown}


   Skills:
 + Level 2.6 Dodging
 + Level 2.4 Stealth
 + Level 3.1 Spellcasting
 + Level 1.3 Conjurations
 + Level 3.5 Fire Magic


You had 5 spell levels left.
You knew the following spells:

 Your Spells              Type           Power      Damage    Failure   Level
a - Foxfire               Conj/Fire      48%        2x1d6     5%          1

Your spell library contained the following spells:

 Spells                   Type           Power      Damage    Failure   Level
 Scorch                   Fire           32%        2d6       5%          2
 Conjure Flame            Conj/Fire      12%        6-21      17%         3
 Inner Flame              Hex/Fire       9%         N/A       22%         3
 Flame Wave               Conj/Fire      12%        2d6       50%         4


Dungeon Overview and Level Annotations

Branches:
Dungeon (1/15)

Altars:


Message History

You hit the jackal but do no damage.
The jackal is heavily wounded.
The jackal bites you but does no damage.
The giant cockroach barely misses you.
You miss the jackal.
The jackal is heavily wounded.
The jackal bites you but does no damage.
The giant cockroach bites you but does no damage.
The jackal bites you but does no damage.
The jackal closely misses you.
You closely miss the jackal.
The jackal is heavily wounded.
The giant cockroach bites you but does no damage.
The jackal barely misses you. The jackal closely misses you.
Casting: Foxfire (safe; 6% risk of failure)
Confirm with . or Enter, or press ? or * to list all spells.
You conjure some foxfire!
The giant cockroach barely misses you.
The jackal bites you but does no damage.
The jackal barely misses you. The giant cockroach closely misses you.
The jackal bites you but does no damage.
The jackal bites you.
The foxfire hits the giant cockroach.
The giant cockroach is moderately wounded.
The foxfire hits the giant cockroach.
You kill the giant cockroach!
The jackal bites you but does no damage.
The jackal barely misses you.
Casting: Foxfire (safe; 5% risk of failure)
Confirm with . or Enter, or press ? or * to list all spells.
You miscast Foxfire.
You are very lightly contaminated with residual magic.
Nothing appears to happen.
The jackal closely misses you. The jackal barely misses you.
The rat attacks as you move away! The rat barely misses you.
The jackal bites you. The jackal barely misses you. The jackal bites you.
* * * LOW HITPOINT WARNING * * *
Casting: Foxfire (safe; 5% risk of failure)
Confirm with . or Enter, or press ? or * to list all spells.
You conjure some foxfire!
The jackal bites you.
You die...

#g##.##.#...#.#
#.#...#..!....#
#...........# #
#.#...#..#.##..
#.##$..†......!
##...........##.
#...##.#..#...#.
#.#.#v.h.†......
#.#...@hg.#...#.
#.#.#.vr#.##.##
#...##.##......
###.#........#####
.............##
######..####..#
...#........#
.......#####..##
####..#.....#..#


You could see 2 jackals, a hobgoblin and a rat.

Vanquished Creatures
  2 endoplasms (D:1)
  A giant cockroach (D:1)
  A jackal (D:1)
  A quokka (D:1)
5 creatures vanquished.

Vanquished Creatures (others)
  11 foxfires (D:1)
11 creatures vanquished.

Grand Total: 16 creatures vanquished

Notes
Turn   | Place    | Note
-------+----------+-------------------------------------------
     0 | D:1      | Ast3rio the Deep Elf Fire Elementalist began the quest for
                  | the Orb.
     0 | D:1      | Reached XP level 1. HP: 10/10 MP: 6/6
    79 | D:1      | Slain by a jackal

Illustrated notes

Levels and vault maps discovered:
D:1:      scummos_arrival_hexagon, layout_basic, serial_shops,
          nicolae_shop_statue_plus, hangedman_decor_clover_reticule,
          minmay_hedge_maze

Action                   || total
-------------------------++-------
Melee: Unarmed           ||     3
 Cast: Foxfire           ||     8
Armor: Robe              ||     9
Dodge: Dodged            ||    14
